Map: New Repugnancy LE

Players

Geralt (Gerald)

  • Race: Protoss Protoss
  • League: Grandmaster
  • Spawn Location: 1:00

Lambo - Winner!

  • Race: Zerg Zerg
  • League: Grandmaster
  • Spawn Location: 7:00

VOD

Have the link to the VOD?

Description

Time

  • Played on: Feb. 3, 2019, 3:28 p.m.
  • Length: 8:39
Show
View Real Time Build Order
Export as new Build Order

Geralt Protoss 

Build Orders: 1 Gate Expand, Zealot Archon, Archon Drop, Dark Templar Rush 

Get SALT Encoding   

  12  0:00  Probe  
  13  0:12  Probe  
  14  0:19  Pylon  
  14  0:23  Probe  
  15  0:33  Probe  
  15  0:40  Assimilator  
  16  0:43  Gateway  
  16  0:44  Probe  
  17  0:56  Probe  
  18  1:08  Probe  
  19  1:20  Probe  
  20  1:26  Nexus  
  20  1:34  Cybernetics Core  
  20  1:38  Probe  
  21  1:41  Assimilator  
  21  1:50  Probe  
  21  1:52  Pylon  
  22  2:00  Adept  
  22  2:03  Probe  
  23  2:12  Twilight Council  
  23  2:14  Warp Gate  
  25  2:16  Probe  
  25  2:20  Adept  
  26  2:32  Probe  
  29  2:45  Probe  
  29  2:47  Probe  
  29  2:50  Stalker  
  33  2:55  Robotics Facility  
  33  3:01  Probe  
  33  3:03  Gateway  
  34  3:13  Probe  
  34  3:15  Dark Shrine  
  34  3:16  Probe  
  36  3:21  Probe  
  37  3:28  Probe, Pylon  
  37  3:30  Probe  
  37  3:34  Warp Prism  
  39  3:41  Probe  
  38  3:48  Probe  
  38  3:52  Gateway  
  38  3:54  Gateway  
  38  3:55  Probe  
  40  3:58  Assimilator  
  40  4:01  Probe  
  41  4:03  Warp Prism  
  41  4:07  Probe  
  42  4:13  Pylon  
  44  4:20  Probe  
  44  4:21  Probe  
  46  4:24  Assimilator  
  46  4:26  Pylon  
  46  4:40  Dark Templar x2  
  46  4:42  Probe  
  51  4:57  Probe x2  
  51  4:59  Pylon  
  53  5:03  Gateway  
  53  5:06  Gateway  
  53  5:09  Dark Templar x2  
  53  5:12  Immortal, Dark Templar x2  
  59  5:33  Probe x2  
  59  5:35  Charge  
  61  5:36  Gateway x2  
  61  5:42  Dark Templar  
  63  5:45  Probe x2  
  63  5:48  Archon x2  
  65  5:55  Immortal  
  69  6:16  Probe  
  69  6:18  Zealot x2  
  74  6:20  Nexus  
  74  6:22  Pylon  
  74  6:24  Dark Templar x2  
  78  6:27  Pylon  
  78  6:41  Immortal  
  78  6:43  Dark Templar  
  78  6:44  Dark Templar  
  78  6:45  Archon  
  86  6:48  Archon  
  86  6:49  Zealot x2  
  90  7:10  Dark Templar, Probe  
  90  7:14  Pylon  
  93  7:18  Probe  
  93  7:21  Robotics Bay  
  93  7:22  Pylon  
  94  7:24  Pylon  
  94  7:32  Probe, Observer  
  94  7:34  Dark Templar, Probe  
  94  7:35  Probe, Zealot x6  
  112  7:50  Probe  
  112  7:53  Archon, Probe  
  112  7:56  Zealot  
  112  7:57  Probe  
  117  8:00  Robotics Facility  
  117  8:02  Probe  
  117  8:03  Forge  
  117  8:05  Probe  
  119  8:08  Assimilator  
  119  8:09  Zealot  
  119  8:10  Zealot x2  
  109  8:13  Zealot  
  109  8:16  Zealot  
Show
View Real Time Build Order
Export as new Build Order

Lambo Zerg - Winner!

Build Orders: Hatch First 

Get SALT Encoding   

  12  0:00  Drone  
  13  0:13  Overlord  
  13  0:17  Drone  
  14  0:32  Drone x2  
  16  0:48  Hatchery  
  15  0:51  Drone  
  15  0:55  Drone  
  17  0:59  Drone  
  18  1:08  Extractor  
  17  1:13  Spawning Pool  
  17  1:16  Drone  
  17  1:20  Drone  
  18  1:29  Drone  
  19  1:40  Drone  
  20  1:51  Overlord  
  20  1:59  Queen  
  20  2:00  Queen, Zergling x2  
  26  2:01  Zergling x2  
  26  2:09  Metabolic Boost  
  26  2:11  Drone  
  26  2:13  Drone  
  28  2:24  Drone x2  
  30  2:35  Hatchery  
  29  2:38  Drone  
  29  2:40  Drone  
  29  2:43  Drone  
  32  2:47  Overlord  
  32  2:54  Queen  
  34  2:58  Drone  
  34  3:02  Drone  
  36  3:06  Drone  
  36  3:08  Drone x2  
  36  3:09  Drone  
  40  3:13  Drone x2  
  40  3:17  Zergling x4  
  44  3:22  Spore Crawler  
  44  3:24  Overlord  
  44  3:26  Zergling x2  
  44  3:31  Lair  
  44  3:41  Roach Warren  
  44  3:42  Drone  
  44  3:43  Drone  
  44  3:45  Drone x2  
  44  3:48  Drone x2  
  48  3:52  Drone  
  48  3:53  Extractor  
  48  3:54  Extractor, Drone  
  48  4:03  Drone x3  
  48  4:05  Drone  
  48  4:08  Drone, Overlord  
  48  4:09  Drone  
  55  4:10  Drone  
  55  4:21  Drone x2  
  55  4:22  Overlord  
  57  4:30  Roach x4  
  65  4:31  Overseer  
  65  4:35  Glial Reconstitution  
  65  4:37  Overlord  
  65  4:38  Overlord  
  65  4:46  Roach x4  
  72  4:54  Roach  
  72  4:59  Roach x3  
  80  5:05  Overseer  
  81  5:07  Drone x4  
  81  5:08  Drone x2  
  81  5:09  Extractor, Drone  
  81  5:13  Roach  
  88  5:14  Roach  
  90  5:32  Overlord  
  90  5:33  Evolution Chamber, Overlord  
  90  5:34  Extractor  
  88  5:39  Overlord  
  88  5:41  Overlord  
  88  5:42  Overlord x2  
  88  5:44  Drone x2  
  90  5:50  Overlord  
  90  5:55  Roach x4  
  90  5:56  Ravager  
  99  5:59  Drone x3  
  99  6:00  Drone, Zerg Missile Weapons Level 1  
  99  6:01  Drone  
  104  6:05  Roach x4  
  104  6:10  Ravager  
  113  6:16  Roach x5  
  123  6:20  Overlord  
  123  6:22  Roach x2  
  127  6:25  Overlord  
  127  6:29  Overlord  
  126  6:42  Overlord  
  126  6:45  Roach x7  
  140  6:51  Roach  
  140  6:52  Roach x3  
  148  6:57  Roach x2  
  152  7:02  Roach x4  
  160  7:11  Overlord  
  160  7:16  Overlord  
  160  7:19  Ravager  
  160  7:22  Overlord  
  161  7:23  Overseer  
  161  7:26  Overlord  
  161  7:30  Roach  
  161  7:31  Roach x3  
  169  7:37  Overlord  
  169  7:40  Roach x4  
  169  7:42  Ravager  
  178  7:46  Roach x4  
  186  7:55  Overlord  
  186  7:56  Overlord  
  186  8:00  Roach x4  
  194  8:10  Roach  
  188  8:14  Overseer  
  188  8:18  Roach x8  
Tags
 
Add a new tag
Caveats
  • Supply blocks, unpowered buildings, or Contaminate may cause inaccurate times.
  • Supply counts are checked every 10 seconds.